 Dungeon Crawl Stone Soup version 0.21-a0-442-g848f44b (webtiles) character file.

35 esteth the Sneak (level 3, -4/16 HPs)
             Began as a Spriggan Enchanter on Nov 16, 2017.
             Slain by Terence
             ... wielding a +0 mace
              (5 damage)
             ... on level 2 of the Dungeon.
             The game lasted 00:04:13 (1337 turns).

esteth the Sneak (Spriggan Enchanter)               Turns: 1337, Time: 00:04:13

Health: -4/16      AC:  2    Str:  4    XL:     3   Next: 16%
Magic:  1/8        EV: 18    Int: 17    God:
Gold:   10         SH:  0    Dex: 16    Spells: 4/7 levels left

rFire    . . .     SeeInvis +   a - +1 dagger
rCold    . . .     Gourm    .   (shield restricted)
rNeg     . . .     Faith    .   b - +0 robe
rPois    .         Spirit   .   (helmet restricted)
rElec    .         Reflect  .   (no cloak)
rCorr    .         Harm     .   (gloves unavailable)
MR       .....                  (boots unavailable)
Stlth    +++.......             (no amulet)
HPRegen  0.05/turn              (no ring)
MPRegen  0.11/turn              (no ring)

@: very slightly contaminated, slowed, quick
A: unfitting armour, see invisible, herbivore 3, speed 3, slow metabolism 2
a: no special abilities


You were on level 2 of the Dungeon.
You were not hungry.

You visited 1 branch of the dungeon, and saw 2 of its levels.

You collected 10 gold pieces.

Inventory:

Hand Weapons
 a - a +1 dagger (weapon)
Armour
 b - a +0 robe (worn)
Scrolls
 e - a scroll of fog {unknown}
 g - 2 scrolls of identify {unknown}
 h - 2 scrolls of immolation {unknown}
 j - a scroll of blinking {unknown}
Potions
 i - a potion of might {unknown}
Books
 c - a book of Maledictions

   Spells                             Type                      Level
   a - Corona                         Hexes                        1
   b - Ensorcelled Hibernation        Hexes/Ice                    2
   c - Confuse                        Hexes                        3
   d - Tukima's Dance                 Hexes                        3
   e - Dazzling Spray                 Conjuration/Hexes            3
Comestibles
 d - 2 bread rations
 f - 2 royal jellies


   Skills:
 - Level 2.0 Short Blades
 - Level 3.0 Dodging
 + Level 6.0 Stealth
 - Level 2.6 Spellcasting
 - Level 3.6 Hexes
 + Level 0.2 Ice Magic


You had 4 spell levels left.
You knew the following spells:

 Your Spells              Type           Power        Failure   Level  Hunger
a - Corona                Hex            ##.....      4%          1    #......
b - Ensorcelled Hibernat  Hex/Ice        #.....       12%         2    ##.....


Dungeon Overview and Level Annotations

Branches:
Dungeon (2/15)

Altars:

Annotations:
D:2 Natasha, Terence


Innate Abilities, Weirdness & Mutations

You are very small and have problems with some larger weapons.
You are too small for most types of armour.
You have supernaturally acute eyesight. (SInv)
You are a herbivore.
You cover ground extremely quickly.
You need consume almost no food.


Message History

Terence barely misses you.
You hit Natasha.
Natasha is lightly wounded.
Natasha barely misses you. Terence closely misses you.
You hit Natasha but do no damage.
Natasha is lightly wounded.
Natasha completely misses you. Terence barely misses you.
Natasha completely misses you.
You hit Natasha.
Natasha is lightly wounded.
Natasha claws you but does no damage. Terence barely misses you.
You closely miss Natasha.
Natasha is lightly wounded.
Natasha claws you.
* * * LOW HITPOINT WARNING * * *
Terence closely misses you. Natasha closely misses you.
You completely miss Natasha.
Natasha is lightly wounded.
Terence hits you with a mace.
You die...

##.♣♣♣♣♣♣♣♣♣#.####
#'## #..... #.#
###### #.#
#.######.##
#.......... ...
###.####.# ###
###@.# #.@.##
#..h### # .....##
# .... #. ... ...
## ...## ####


You could see Terence and Natasha.

Vanquished Creatures
  2 dart slugs (D:1)
  A leopard gecko (D:1)
  6 bats
  A giant cockroach (D:1)
  5 goblins (D:1)
  4 hobgoblins (D:1)
  A frilled lizard (D:2)
  5 kobolds
  3 rats
28 creatures vanquished.

Notes
Turn   | Place    | Note
-------+----------+-------------------------------------------
     0 | D:1      | esteth the Spriggan Enchanter began the quest for the Orb.
     0 | D:1      | Reached XP level 1. HP: 9/9 MP: 5/5
   126 | D:1      | Reached skill level 5 in Stealth
   126 | D:1      | Reached XP level 2. HP: 5/13 MP: 4/6
   845 | D:1      | Learned a level 2 spell: Ensorcelled Hibernation
   853 | D:1      | Reached XP level 3. HP: 10/16 MP: 8/8
  1168 | D:2      | Noticed Terence
  1300 | D:2      | Reached skill level 6 in Stealth
  1322 | D:2      | Noticed Natasha
  1337 | D:2      | Slain by Terence

Vault maps used:
D:1:      eino_arrival_druids_welcome
D:2:      overflow_temple_1_default, nicolae_overflow_crystal_walls,
          minmay_misc_feat_chi, kennysheep_pointless_box, uniq_natasha,
          uniq_crazy_yiuf_cottage, uniq_terence

Skill      XL: |  1  2  3 |
---------------+----------+-----
Stealth        | 5 6 |  6.0
Short Blades   | 2 |  2.0
Dodging        | |  3.0
Spellcasting   | |  2.6
Hexes          | |  3.6
Ice Magic      | |  0.2

Action                   || total
-------------------------++-------
Melee: Dagger            ||   141
 Cast: Corona            ||     8
       Ensorcelled Hiber ||     3
 Stab: Sleeping          ||     6
Armor: Robe              ||    18
Dodge: Dodged            ||   130

Table legend:
 A = Spawn XP
 B = Non-spawn XP
 C = Spawn XP percentage of total XP
 D = Spawn monster count
 E = Non-spawn monster count
 F = Spawn count percentage of total count
 G = Total turns spent on level
                    A         B        C        D         E        F      G
               +---------+---------+-------+---------+---------+-------+---------
         Total |       0 |      50 |   0.0 |       0 |      28 |   0.0 |  1337
               +---------+---------+-------+---------+---------+-------+---------
           D:1 |       0 |      45 |   0.0 |       0 |      24 |   0.0 |  1222
           D:2 |       0 |       5 |   0.0 |       0 |       4 |   0.0 |   115
               +---------+---------+-------+---------+---------+-------+---------
